 Dungeon Crawl Stone Soup version 0.28.0-45-g0d030f2227 (webtiles) character file.

Game seed: 12384976733473287859

7025 NinjaNoafa the Fighter (level 10, 0/83 HPs)
             Began as a Demonspawn Necromancer on Apr 19, 2022.
             Was a Believer of Kikubaaqudgha.
             Slain by a two-headed ogre
             ... wielding a +0 giant club
              (13 damage)
             ... on level 10 of the Dungeon.
             The game lasted 00:38:42 (10273 turns).

NinjaNoafa the Fighter (Demonspawn Necromancer)    Turns: 10273, Time: 00:38:44

Health: 0/83       AC: 16    Str:  9    XL:     10   Next: 82%
Magic:  26/26      EV: 11    Int: 21    God:    Kikubaaqudgha [**....]
Gold:   552        SH:  0    Dex: 13    Spells: 11/18 levels left

rFire   . . .      SeeInvis .   b - staff of death
rCold   . . .      Faith    .   (no shield)
rNeg    + + +      Spirit   .   r - +4 ring mail
rPois   .          Reflect  .   J - +2 helmet
rElec   +          Harm     .   t - +0 cloak
rCorr   .          Rampage  .   (no gloves)
Will    .....                   F - +0 pair of boots
Stlth   ++........              A - amulet of the Morning {Fragile rElec rN++ Regen+}
HPRegen 1.03/turn               e - ring of magical power
MPRegen 0.20/turn               (no ring)

@: studying Fighting
A: powered by death 2, spiny 2, demonic touch 1
a: Renounce Religion, Receive Corpses


You were on level 10 of the Dungeon.
You worshipped Kikubaaqudgha.
Kikubaaqudgha was pleased with you.
You visited 1 branch of the dungeon, and saw 10 of its levels.

You collected 552 gold pieces.

Inventory:

Hand Weapons
 a - a +7 vorpal whip
 n - a +4 vampiric short sword
 C - the +10 quarterstaff of Sharkskin {antimagic, Int-4 Dex+10}
   (You found it on level 7 of the Dungeon)

   It reduces the magical energy of the wielder, and disrupts the spells and
   magical abilities of those it strikes.
   Natural abilities and divine invocations are not affected.
   Int:       It affects your intelligence (-4).
   Dex:       It affects your dexterity (+10).
Missiles
 d - 278 stones
 f - 4 poisoned darts
 g - 5 javelins
 E - 6 curare-tipped darts
 G - 3 boomerangs
 H - 5 throwing nets
Armour
 h - a +0 helmet
 r - a +4 ring mail (worn)
 s - +0 acid dragon scales
 t - a +0 cloak (worn)
 w - a +0 robe
 y - +0 fire dragon scales
 F - a +0 pair of boots (worn)
 J - a +2 helmet (worn)
Magical Staves
 b - a staff of death (weapon)
Jewellery
 e - a ring of magical power (left hand)
 m - an amulet of guardian spirit
 A - the amulet of the Morning (around neck) {Fragile rElec rN++ Regen+}
   (You found it on level 6 of the Dungeon)

   [amulet of regeneration]

   rElec:     It insulates you from electricity.
   rN:        It greatly protects you from negative energy.
   Regen:     It increases your rate of health regeneration.
   Fragile:   It will be destroyed if unequipped.
Wands
 o - a wand of flame (26)
Scrolls
 c - a scroll of fog
 j - 2 scrolls of amnesia
 k - a scroll of blinking
 l - 2 scrolls of torment
 p - 2 scrolls of noise
Potions
 q - a potion of might
 x - 4 potions of curing
 z - 2 potions of flight
 I - 2 potions of brilliance


   Skills:
 - Level 9.0 Fighting
 + Level 4.1 Maces & Flails
 - Level 7.0 Armour
 - Level 5.0 Dodging
 - Level 5.0 Stealth
 - Level 4.6 Spellcasting
 - Level 1.9 Conjurations
 - Level 1.9 Hexes
 - Level 6.6 Necromancy
 - Level 1.7 Air Magic
 - Level 7.0 Evocations


You had 11 spell levels left.
You knew the following spells:

 Your Spells              Type           Power      Damage    Failure   Level
a - Pain                  Necr           100%       1d9       1%          1
b - Animate Skeleton      Necr           98%        N/A       1%          1
c - Sublimation of Blood  Necr           49%        N/A       2%          2
d - Vampiric Draining     Necr           49%        2d9       5%          3

Your spell library contained the following spells:

 Spells                   Type           Power      Damage    Failure   Level
 Corpse Rot               Necr/Air       66%        N/A       8%          2
 Slow                     Hex            52%        N/A       12%         1
 Shock                    Conj/Air       48%        1d6       13%         1
 Animate Dead             Necr           24%        N/A       17%         4
 Sandblast                Erth           8%         2d5       26%         1
 Confusing Touch          Hex            13%        N/A       36%         3
 Call Imp                 Summ           4%         N/A       38%         2
 Passwall                 Tmut/Erth      3%         N/A       38%         2
 Swiftness                Air            12%        N/A       38%         3
 Agony                    Necr           49%        N/A       43%         5
 Excruciating Wounds      Necr           24%        N/A       43%         5
 Stone Arrow              Conj/Erth      16%        3d8       50%         3
 Summon Guardian Golem    Hex/Summ       9%         N/A       50%         3
 Airstrike                Air            6%         N/A       80%         4
 Borgnjor's Revivificati  Necr           24%        N/A       100%        8


Dungeon Overview and Level Annotations

Branches:
Dungeon (10/15)            Temple (0/1) D:5
   Lair: D:8-11         Orc: D:9-12

Altars:
Hepliaklqana
Kikubaaqudgha
Sif Muna
Xom
Jiyva

Annotations:
D:8 3 runed translucent doors, powzer's ghost, novice MiBe
D:10 3 runed translucent doors


Innate Abilities, Weirdness & Mutations

You regenerate health from kills.
You are mostly covered in sharp spines.
Your touch may inflict minor irresistible damage on your foes.


Message History

The two-headed ogre is struck by your spines.
The two-headed ogre hits you but does no damage.
The two-headed ogre barely misses you.
Casting: Pain (safe; 1% risk of failure)
Confirm with . or Enter, or press ? or * to list all spells.
Aiming: Pain (safe; 1% risk of failure)
Press: ? - help, Shift-Dir - straight line, f/p - two-headed ogre
Aim: a two-headed ogre, wielding a +0 giant club and a +0 giant spiked club (severely wounded, chance to affect: 70%)
You feel a surge of power!
The two-headed ogre writhes in agony.
The two-headed ogre is struck by your spines.
The two-headed ogre hits you with a +0 giant club!
* * * LOW HITPOINT WARNING * * *
The two-headed ogre hits you but does no damage.
Okay, then.
An orc wizard comes into view. It is wielding a +0 dagger.
An orc warrior comes into view. It is wielding a +1 halberd of venom.
The two-headed ogre is struck by your spines.
The two-headed ogre hits you with a +0 giant club!!
* * * LOW HITPOINT WARNING * * *
The two-headed ogre hits you with a +0 giant spiked club.
* * * LOW HITPOINT WARNING * * *
Casting: Pain (safe; 1% risk of failure)
Confirm with . or Enter, or press ? or * to list all spells.
Aiming: Pain (safe; 1% risk of failure)
Press: ? - help, Shift-Dir - straight line, f/p - two-headed ogre
Aim: a two-headed ogre, wielding a +0 giant club and a +0 giant spiked club (severely wounded, chance to affect: 70%)
Okay, then.
Aiming: Throw Flame
Press: ? - help, Shift-Dir - straight line, f/p - two-headed ogre
Aim: a two-headed ogre, wielding a +0 giant club and a +0 giant spiked club (severely wounded, 88% to hit)
The puff of flame hits the two-headed ogre!
The two-headed ogre is almost dead.
Aiming: Throw Flame
Press: ? - help, Shift-Dir - straight line, f/p - two-headed ogre
Aim: a two-headed ogre, wielding a +0 giant club and a +0 giant spiked club (almost dead, 88% to hit)
The puff of flame hits the two-headed ogre!
The two-headed ogre is almost dead.
The two-headed ogre hits you with a +0 giant club!
You die...
Kikubaaqudgha rasps: "You have failed me!
Welcome... death!"

....####...................###...
...........##..............# #..#
..........................## ##..
oo.##......#.........#....####..#
.)##..............####....#....##
)..#................###.......##
..#..##...............#..#....#
..#................>.###......#
####...........O@....# ##.#####
##................# ### #
##...............# #
#...............# .#
#......##.....### .#
##########...## ## #.### # ###


You could see a two-headed ogre.

Vanquished Creatures
  Gastronok (D:9)
  Harold (D:8)
  A two-headed ogre (D:9)
  Urug (D:10)
  Maggie (D:9)
  A shadow (D:9)
  3 yaks (D:8)
  3 water moccasins
  A hornet zombie (D:7)
  An ice beast (D:6)
  4 orc warriors
  3 sky beasts
  An ogre (D:6)
  5 centaurs
  2 scorpions
  3 bullfrogs
  A gnoll sergeant (D:9)
  4 wights (D:8)
  2 howler monkeys (D:7)
  A bullfrog zombie (D:6)
  8 orc priests
  A centaur zombie (D:9)
  4 hounds (D:5)
  A gnoll shaman (D:8)
  A bullfrog skeleton (D:6)
  A centaur skeleton (D:7)
  Jessica (D:3)
  4 iguanas
  9 orc wizards
  4 adders
  12 gnolls
  A shadow imp (D:5)
  2 white imps (D:8)
  A dart slug (D:1)
  33 orcs
  6 endoplasms
  4 giant cockroaches
  7 goblins
  7 hobgoblins
  4 kobolds
  2 quokkas (D:1)
  14 ball pythons
  8 bats
  4 frilled lizards
  8 rats
187 creatures vanquished.

Vanquished Creatures (collateral kills)
  A howler monkey (D:5)
  An orc wizard (D:5)
  A gnoll (D:5)
  3 orcs
  A giant cockroach (D:2)
  A hobgoblin (D:1)
  A kobold (D:3)
9 creatures vanquished.

Vanquished Creatures (others)
  An orc wizard (D:8)
1 creature vanquished.

Grand Total: 197 creatures vanquished

Notes
Turn   | Place    | Note
-------+----------+-------------------------------------------
     0 | D:1      | NinjaNoafa the Demonspawn Necromancer began the quest for
                  | the Orb.
     0 | D:1      | Reached XP level 1. HP: 13/13 MP: 3/3
     2 | D:1      | Learned a level 1 spell: Animate Skeleton
   277 | D:1      | You fall into a shaft and drop 1 floor!
   484 | D:2      | Gained mutation: You are partially covered in sharp spines.
                  | [demonic ancestry]
   484 | D:2      | Reached XP level 2. HP: 16/19 MP: 1/5
   759 | D:2      | Reached XP level 3. HP: 20/24 MP: 6/6
  2114 | D:1      | Found a faded altar of an unknown god.
  2219 | D:1      | Gained mutation: You are mostly covered in sharp spines.
                  | [demonic ancestry]
  2219 | D:1      | Reached XP level 4. HP: 29/30 MP: 7/7
  3104 | D:3      | Noticed Jessica
  3106 | D:3      | Killed Jessica
  3107 | D:3      | Reached skill level 5 in Necromancy
  3107 | D:3      | Reached skill level 1 in Evocations
  3394 | D:3      | Noticed a centaur
  3404 | D:3      | Killed a centaur
  3405 | D:3      | Reached XP level 5. HP: 22/35 MP: 9/9
  4096 | D:4      | Reached XP level 6. HP: 38/41 MP: 10/10
  4514 | D:4      | Reached skill level 1 in Armour
  4981 | D:5      | Entered Level 5 of the Dungeon
  5010 | D:5      | Found an ancient bone altar of Kikubaaqudgha.
  5046 | D:5      | Gained mutation: Your touch may inflict minor irresistible
                  | damage on your foes. [demonic ancestry]
  5046 | D:5      | Reached XP level 7. HP: 14/46 MP: 11/12
  5398 | D:5      | Found a shimmering altar of Xom.
  5398 | D:5      | Found a shimmering blue altar of Sif Muna.
  5399 | D:5      | Found a hazy altar of Hepliaklqana.
  5406 | D:5      | Became a worshipper of Kikubaaqudgha
  5678 | D:5      | Found a staircase to the Ecumenical Temple.
  6131 | D:6      | Reached skill level 1 in Fighting
  6314 | D:6      | Gained mutation: You regenerate a little health from kills.
                  | [demonic ancestry]
  6314 | D:6      | Reached XP level 8. HP: 54/56 MP: 14/14
  6559 | D:6      | Reached skill level 2 in Fighting
  6744 | D:6      | Reached skill level 3 in Fighting
  6765 | D:6      | Identified the amulet of the Morning {Fragile rElec rN++
                  | Regen+}
  6838 | D:7      | Reached skill level 4 in Fighting
  6894 | D:7      | Reached skill level 5 in Stealth
  7037 | D:7      | Got Leame's Grimoire of Instinct
  7078 | D:7      | Identified the +10 quarterstaff of Sharkskin {antimagic,
                  | Int-4 Dex+10}
  7209 | D:7      | Reached skill level 5 in Fighting
  7542 | D:8      | Reached * piety under Kikubaaqudgha
  7542 | D:8      | Received a gift from Kikubaaqudgha
  7543 | D:8      | Reached skill level 5 in Evocations
  7553 | D:8      | Reached skill level 5 in Armour
  7555 | D:8      | Reached skill level 6 in Fighting
  7555 | D:8      | Reached XP level 9. HP: 54/69 MP: 4/15
  7567 | D:8      | Reached skill level 7 in Fighting
  7665 | D:8      | Reached skill level 8 in Fighting
  7869 | D:8      | Noticed Harold
  7906 | D:8      | Killed Harold
  7907 | D:8      | Reached skill level 9 in Fighting
  8030 | D:8      | Found a runed translucent gate.
  8030 | D:8      | Found a runed translucent gate.
  8030 | D:8      | Found a runed translucent gate.
  8033 | D:8      | Noticed powzer's ghost (novice MiBe)
  8038 | D:8      | Found a viscous altar of Jiyva.
  8110 | D:8      | Reached skill level 1 in Conjurations
  8110 | D:8      | Reached skill level 1 in Hexes
  8723 | D:5      | Reached skill level 1 in Air Magic
  8850 | D:9      | Noticed Gastronok
  8864 | D:9      | Learned a level 2 spell: Sublimation of Blood
  8868 | D:9      | Learned a level 3 spell: Vampiric Draining
  8909 | D:9      | Noticed a two-headed ogre
  8952 | D:9      | Killed a two-headed ogre
  8953 | D:9      | Gained mutation: You regenerate health from kills. [demonic
                  | ancestry]
  8953 | D:9      | Reached XP level 10. HP: 46/83 MP: 16/16
  9205 | D:9      | Reached ** piety under Kikubaaqudgha
  9557 | D:9      | Noticed Maggie
  9572 | D:9      | Killed Maggie
  9573 | D:9      | Reached skill level 1 in Maces & Flails
  9655 | D:9      | Killed Gastronok
  9913 | D:10     | Entered Level 10 of the Dungeon
  9950 | D:10     | Noticed Urug
  9966 | D:10     | Found a runed translucent gate.
  9967 | D:10     | Found a runed translucent gate.
  9980 | D:10     | HP: 2/83 [Urug/+3 war axe of freezing (4)]
  9985 | D:10     | Killed Urug
  9986 | D:10     | Reached skill level 5 in Dodging
 10072 | D:10     | Found a runed translucent gate.
 10222 | D:10     | Noticed a two-headed ogre
 10265 | D:10     | HP: 4/83 [two-headed ogre/+0 giant club (4)]
 10273 | D:10     | Slain by a two-headed ogre

Illustrated notes

Levels and vault maps discovered:
D:1:      saegor_arrival_simple_d, layout_basic, serial_glass, glass_columns_a,
          glass_columns_a, chequers_ecumenical_altar_simple_redux,
          hangedman_decor_peaks_small, hangedman_abyss_or_decor_stabs
D:2:      layout_loops_corners
D:3:      layout_loops_ring, chequers_serial_rivers_micro_b, dk_noncrumbling_4,
          uniq_jessica
D:4:      layout_loops_ring
D:5:      layout_layer_cave, chequers_temple_overflow_statue_of_worship,
          minmay_temple_entry_glassed_door
D:6:      layout_basic
D:7:      layout_loops_ring, minmay_statues_item
D:8:      hellmonk_destroyed_diamonds, layout_cave_pods, gammafunk_ghost_ooze,
          uniq_harold
D:9:      layout_basic, kennysheep_small_circle, uniq_maggie, uniq_gastronok
D:10:     layout_cave_pools, david_orc_4, gammafunk_ghost_spectres, uniq_urug

Skill      XL: |  1  2  3  4  5  6  7  8  9 10 |
---------------+-------------------------------+-----
Dodging        | 2 3 5 |  5.0
Stealth        | 2 3 4 5 |  5.0
Necromancy     | 5 6 |  6.6
Evocations     | 1 2 3 5 7 |  7.0
Spellcasting   | 3 4 |  4.6
Armour         | 1 3 5 7 |  7.0
Fighting       | 1 6 9 |  9.0
Conjurations   | 1 |  1.9
Hexes          | 1 |  1.9
Air Magic      | 1 |  1.7
Maces & Flails | 4 |  4.1

Action                   |  1- 3 |  4- 6 |  7- 9 | 10-12 || total
-------------------------+-------+-------+-------+-------++-------
Melee: Unarmed           |     8 |       |       |       ||     8
       Staff             |     7 |    21 |    81 |    39 ||   148
       Short sword       |       |    15 |    33 |       ||    48
       Touch             |       |       |    21 |    15 ||    36
       Quarterstaff      |       |       |    26 |       ||    26
       Punch             |       |       |     2 |     2 ||     4
       Whip              |       |       |       |    33 ||    33
 Cast: Pain              |    51 |    72 |    46 |    27 ||   196
       Animate Skeleton  |     5 |     6 |     9 |    14 ||    34
       Vampiric Draining |       |       |       |     1 ||     1
Evoke: Wand              |       |       |     1 |     9 ||    10
  Use: Potion            |       |     6 |     4 |     5 ||    15
       Scroll            |       |     2 |     5 |    15 ||    22
 Stab: Sleeping          |     1 |       |       |       ||     1
Armor: Robe              |     5 |     8 |       |       ||    13
       Skin              |       |     1 |       |       ||     1
       Ring mail         |       |    18 |    84 |    61 ||   163
Dodge: Dodged            |    12 |    37 |   103 |    54 ||   206
